 Dungeon Crawl Stone Soup version 0.21.1 (webtiles) character file.

365183 JeronimusCornelisz the Slayer (level 21, -12/222 HPs)
             Began as a Minotaur Berserker on Jan 31, 2018.
             Was a High Priest of Trog.
             Mangled by Mennas
             ... wielding a +0 eudemon blade of holy wrath
              (18 damage)
             ... on level 5 of the Depths on Feb 3, 2018.
             The game lasted 07:03:39 (67766 turns).

JeronimusCornelisz the Slayer (Minotaur Berserker) Turns: 67766, Time: 07:03:40

Health: -12/222    AC: 27    Str: 28    XL:     21   Next: 57%
Magic:  22/22      EV: 23    Int: 12    God:    Trog [*****.]
Gold:   2037       SH: 17    Dex: 17    Spells: 20/20 levels left

rFire    + . .     SeeInvis +   a - +9 war axe (chop)
rCold    + + .     Gourm    +   j - +2 shield of Resistance {rF+ rC+ MR+}
rNeg     + . .     Faith    .   w - +7 faerie dragon scales {rC+ rCorr Str-2 Dex+4 SInv}
rPois    +         Spirit   .   (helmet unavailable)
rElec    .         Reflect  .   G - +1 cloak {MR+}
rCorr    +         Harm     .   o - +0 pair of fencer's gloves {+Riposte Dex+3}
MR       +++..                  B - +2 pair of boots
Stlth    +.........             Z - amulet of the gourmand
HPRegen  0.47/turn              E - +5 ring of evasion
MPRegen  0.18/turn              P - ring "Mihug" {+Fly rPois rN+ Str-5 Int+4}

@: mighty, glowing
A: retaliatory headbutt, hooves 1, horns 3, clever 1, sturdy frame 1
}: 2/15 runes: decaying, serpentine
a: Berserk, Trog's Hand, Brothers in Arms, Burn Spellbooks, Renounce Religion,
Evoke Flight


You were on level 5 of the Depths.
You worshipped Trog.
Trog was extremely pleased with you.
You were not hungry.

You visited 7 branches of the dungeon, and saw 37 of its levels.
You visited the Abyss 1 time.
You also visited: Labyrinth.

You collected 7210 gold pieces.
You spent 5173 gold pieces at shops.

Inventory:

Hand Weapons
 a - a +9 war axe of chopping (weapon)
 b - the +4 hunting sling "Lupp" {venom, rElec rPois Dex+3 Stlth-}
   (You bought it in a shop on level 1 of the Depths)

   It poisons the ammo it fires.
   It affects your dexterity (+3).
   It insulates you from electricity.
   It protects you from poison.
   It makes you less stealthy.
 f - a +4 broad axe of flaming
 A - a +3 antimagic demon trident
 C - the +7 spear of the Whale {pierce, rElec rC+ SInv}
   (You bought it in a shop on level 1 of the Depths)

   It inflicts extra damage upon your enemies.
   It protects you from cold.
   It insulates you from electricity.
   It lets you see invisible.
 R - the +4 dagger "Uxexiucs" {drain, rPois rF+ Int+4 SInv}
   (You found it on level 2 of the Lair of Beasts)

   A truly terrible weapon, it drains the life of those it strikes.
   It affects your intelligence (+4).
   It protects you from fire.
   It protects you from poison.
   It lets you see invisible.
 S - a +2 blowgun
Missiles
 s - 277 sling bullets
 u - 4 curare-tipped needles
 v - 16 poisoned javelins (quivered)
Armour
 j - the +2 shield of Resistance (worn) {rF+ rC+ MR+}
   (You found it on level 9 of the Dungeon)

   It protects you from fire.
   It protects you from cold.
   It affects your resistance to hostile enchantments.
 o - the +0 pair of fencer's gloves (worn) {+Riposte Dex+3}
   (You bought it in a shop on level 2 of the Orcish Mines)

   It affects your dexterity (+3).
 w - the +7 faerie dragon scales (worn) {rC+ rCorr Str-2 Dex+4 SInv}
   (You took it off the Enchantress on level 4 of the Depths)

   It affects your strength (-2).
   It affects your dexterity (+4).
   It protects you from cold.
   It lets you see invisible.
   It protects you from acid and corrosion.
 B - a +2 pair of boots (worn)
 G - a +1 cloak of magic resistance (worn)
 H - a +2 shield of reflection
Jewellery
 g - an uncursed ring of protection from magic
 i - a +2 ring of slaying {unknown}
 E - a +5 ring of evasion (left hand)
 F - an uncursed ring of protection from fire
 P - the ring "Mihug" (right hand) {+Fly rPois rN+ Str-5 Int+4}
   (You found it on level 6 of the Lair of Beasts)

   [ring of positive energy]

   It affects your strength (-5).
   It affects your intelligence (+4).
   It protects you from poison.
   It protects you from negative energy.
   It lets you fly.
 U - an uncursed ring of resist corrosion
 Z - an amulet of the gourmand (around neck)
Wands
 q - a wand of acid (4)
 t - a wand of scattershot (3)
 D - a wand of paralysis (33)
 M - a wand of enslavement (27)
 Q - a wand of iceblast (41)
 W - a wand of flame (167)
 X - a wand of digging (17)
 Y - a wand of disintegration (32)
Scrolls
 d - 3 scrolls of fear
 k - 12 scrolls of remove curse
 n - 19 scrolls of teleportation
 r - 4 scrolls of identify
 z - 2 scrolls of silence
 J - 3 scrolls of fog
Potions
 c - 10 potions of curing
 h - 7 potions of heal wounds
 m - a potion of berserk rage {unknown}
 p - a potion of invisibility
 x - 7 potions of might
 y - 2 potions of brilliance
 N - 5 potions of haste
 O - 5 potions of resistance
 T - a potion of cancellation
Miscellaneous
 l - 2 sacks of spiders
 I - a lamp of fire
 K - a lightning rod (4/4)
 L - 2 phantom mirrors
Comestibles
 e - 72 rations


   Skills:
 * Level 26.5 Fighting
 - Level 15.9(16.2) Axes
 + Level 5.2(11.8) Polearms
 - Level 14.0(14.1) Slings
 + Level 3.1(9.1) Throwing
 + Level 21.6 Armour
 + Level 9.2 Dodging
 + Level 4.0 Stealth
 - Level 15.0 Shields
 + Level 2.7 Evocations


You had 20 spell levels left.
You didn't know any spells.

Dungeon Overview and Level Annotations

Branches:
Dungeon (15/15)            Temple (1/1) D:5            Lair (6/6) D:11
  Swamp (4/4) Lair:4        Snake (4/4) Lair:2        Slime (0/5) Lair:5
    Orc (2/2) D:12            Elf (0/3) Orc:2        Vaults (0/5) D:14
 Depths (5/5) D:15
    Zot: Depths:5

Altars:
Ashenzari
Cheibriados
Dithmenos
Elyvilon
Fedhas
Gozag
Hepliaklqana
Kikubaaqudgha
Makhleb
Nemelex Xobeh
Okawaru
Qazlal
Ru
Sif Muna
Trog
Uskayaw
Vehumet
Wu Jian
Xom
Yredelemnul
Zin
The Shining One

Shops:
D:5 :   Orc:2 =*[(   Depths:1 (   Depths:2 :

Portals:
Hell: Depths:1 Depths:2 Depths:3 Depths:4
Abyss: Depths:4
Pandemonium: Depths:1 Depths:3
Ziggurat: Depths:1
Trove: D:14 (give 13 potions of heal wounds)

Annotations:
D:9 1 runed door
Depths:5 Mennas, Xtahua


Innate Abilities, Weirdness & Mutations

You reflexively headbutt those who attack you in melee.
You have a pair of large horns on your head.
You have large cloven feet.
Your mind is acute. (Int +2)
Your movements are slightly less encumbered by armour. (ER -2)


Message History

Mennas closely misses you.
You bump into the rock wall.
Mennas becomes audible again.
Mennas gestures frantically.
Mennas is healed somewhat.
You're too confused to move!
You feel less confused. You block Mennas's attack. Mennas barely misses you.
Mennas hits you but does no damage. You block Mennas's attack.
Mennas blocks your attack.
Your headbutt misses Mennas.
Mennas is severely wounded.
Mennas gestures frantically.
You resist with almost no effort. Mennas blocks your attack.
Mennas is severely wounded.
Mennas gestures frantically.
Mennas is healed somewhat.
Mennas blocks your attack.
Your headbutt misses Mennas.
Mennas is severely wounded.
Mennas hits you with an eudemon blade of holy wrath!!
You die...

*,,,,,,,,,..........#*,***
*,,,,,,,,,,.........#*,*
*,,,,,,,,,,,........#*,*
**#######'#*#.......#*,*
#.......# #.......#*,*
#.#.##### #A......#*.###
#.#.# #.......',....
#.#.#######.......#*#.##
#.#....@A.'.......# *,*#
#.#########.......# *,*#
#.# ######'## *,* #.#
#.####+##
##.########*#####.#.§....
#..........,,..##.#.§≈≈≈≈
#..########**#.##.#§≈###≈
#..# #.##.#.≈# #≈ #..#
#....'.≈###≈


You could see Mennas.

Vanquished Creatures
  Mara (Depths:1)
  Frederick (Depths:4)
  8 caustic shrikes
  Saint Roka (Orc:2)
  A golden dragon (Depths:4)
  the Enchantress (Depths:4)
  A bone dragon (Depths:4)
  Jorgrun (Snake:4)
  The ghost of garbagetei the Earth Mage, an adept GrEE of Vehumet (Swamp:3)
  A lich (Depths:1)
  A titan (Depths:2)
  Frances (Swamp:2)
  2 thorn hunters
  A tengu reaver (Depths:2)
  A storm dragon (Depths:5)
  Roxanne (Swamp:1)
  5 fire giants
  A deep elf sorcerer (Depths:1)
  11 nagarajas
  A draconian knight (Depths:5)
  6 frost giants
  Aizul (Snake:4)
  An orc warlord (Orc:2)
  A ghoul (Swamp:1)
  6 spriggan defenders
  7 very ugly things (Depths:1)
  6 caustic shrike skeletons (Depths:4)
  4 stone giants
  A draconian annihilator (Depths:5)
  A red draconian (Depths:4)
  A green draconian (Depths:5)
  4 vampire knights
  2 dire elephants (Depths:4)
  A purple draconian (Depths:5)
  2 deep elf death magi
  2 spark wasps (Depths:5)
  Snorg (Lair:3)
  The ghost of Agrougrou the Martial Artist, a journeyman OpTm of Makhleb (D:14)
  A minotaur (Lab)
  2 jiangshi (Depths:5)
  9 ettins
  4 fire dragons
  2 deep elf high priests
  5 ogre magi
  5 yaktaur captains
  Josephine (D:11)
  3 great orbs of eyes
  20 hydras
  11 ice dragons
  A rakshasa (Depths:1)
  27 naga warriors
  3 vault guards (D:14)
  5 spriggan air magi
  11 anacondas
  9 centaur warriors
  2 ghost crabs
  A death knight (D:13)
  12 alligators
  13 two-headed ogres
  17 death yaks
  8 tengu warriors
  2 deep troll earth magi
  3 deep troll shamans
  A vampire mage (Depths:5)
  6 naga sharpshooters
  4 orc high priests (Orc:2)
  12 shock serpents
  A deep elf knight (D:15)
  8 spriggan berserkers
  An iron troll (Depths:5)
  5 salamander mystics
  12 deep trolls
  8 sea snakes (Snake:4)
  9 spriggan druids
  12 swamp dragons
  3 glowing orange brains
  4 wizards
  6 shambling mangroves
  A deep elf archer (Depths:5)
  4 orc knights
  8 naga ritualists
  2 phantasmal warriors (Depths:3)
  4 necromancers (D:14)
  A harpy (shapeshifter) (Depths:1)
  A wolf spider (D:15)
  A faun (shapeshifter) (Depths:3)
  3 orc sorcerers (Orc:2)
  7 mana vipers
  A wolf spider zombie (D:14)
  3 deep elf magi (Depths:5)
  A manticore (D:14)
  6 oklob plants
  23 salamanders
  8 ugly things
  10 elephants
  5 cyclopes
  21 naga magi
  43 black mambas
  A centaur zombie (D:15)
  Psyche (D:11)
  A smoke demon (Depths:1)
  31 spiny frogs
  3 torpor snails
  10 guardian serpents
  A spiny frog (shapeshifter) (Depths:1)
  2 kobold demonologists
  5 centaur skeletons
  12 yaktaurs
  3 rime drakes
  8 komodo dragons
  5 tengu conjurers
  4 trolls
  An ice devil (Depths:3)
  2 hellwings (Depths:1)
  A polar bear (shapeshifter) (Depths:2)
  38 hornets
  14 tyrant leeches
  6 hippogriffs
  22 blink frogs
  2 dream sheep (Lair:3)
  17 bog bodies
  15 slime creatures
  2 air elementals (Depths:3)
  7 redbacks (Snake:1)
  50 spriggans
  6 shadows
  3 wyverns
  9 water elementals
  4 wraiths
  45 yaks
  17 humans (D:14)
  A steam dragon (D:12)
  A basilisk (Lair:5)
  2 hungry ghosts
  21 vampire mosquitoes
  3 wargs
  21 swamp worms
  9 insubstantial wisps
  52 nagas
  An acid dragon (D:13)
  A soldier ant (D:11)
  18 water moccasins
  3 porcupines
  37 orc warriors
  8 swamp drakes
  An eye of draining (D:6)
  A hornet zombie (D:15)
  A sky beast (D:5)
  6 necrophages
  3 black bears
  3 phantoms
  6 ice beasts
  14 ogres
  20 centaurs
  5 wolves (Lair:2)
  6 crocodiles
  4 big kobolds
  23 bullfrogs
  A gnoll sergeant (D:10)
  A wyvern skeleton (D:14)
  4 scorpions
  14 killer bees
  8 wights
  5 howler monkeys
  8 crimson imps
  2 jellies (Lair:5)
  5 hounds
  15 orc priests
  2 bullfrog skeletons
  33 orc wizards
  14 worker ants
  A killer bee zombie (D:7)
  13 gnolls
  17 adders
  3 shadow imps
  3 oozes
  An adder skeleton (D:5)
  2 worms
  3 dart slugs
  5 leopard geckos
  65 orcs
  A ball python (D:3)
  8 giant cockroaches
  7 goblins
  6 hobgoblins
  4 jackals
  7 quokkas
  10 bats
  9 frilled lizards
  A giant cockroach zombie (D:6)
  A jackal zombie (D:7)
  30 kobolds
  A leopard gecko skeleton (D:6)
  A quokka zombie (D:6)
  5 rats
  6 bushes (Depths:4)
  4 fungi
  5 plants
1462 creatures vanquished.

Vanquished Creatures (others)
  A merfolk javelineer (Depths:1)
  A yaktaur captain (Depths:5)
  2 naga sharpshooters (Snake:4)
  A rime drake (Swamp:4)
  A yaktaur (Depths:3)
  2 briar patches (Swamp:3)
  6 fungi
  37 plants
51 creatures vanquished.

Grand Total: 1513 creatures vanquished

Notes
Turn   | Place    | Note
-------+----------+-------------------------------------------
     0 | D:1      | JeronimusCornelisz the Minotaur Berserker began the quest for the Orb.
     0 | D:1      | Reached XP level 1. HP: 19/19 MP: 0/0
    56 | D:1      | Reached XP level 2. HP: 17/27 MP: 1/1
   197 | D:1      | Reached skill level 4 in Fighting
   606 | D:1      | Reached XP level 3. HP: 28/33 MP: 2/2
  1154 | D:2      | Reached ** piety under Trog
  1291 | D:2      | Reached skill level 1 in Slings
  1518 | D:2      | Found a basalt altar of Yredelemnul.
  2014 | D:3      | Reached XP level 4. HP: 41/41 MP: 3/3
  2015 | D:3      | Reached skill level 1 in Stealth
  2584 | D:3      | Reached skill level 5 in Axes
  2587 | D:3      | Reached XP level 5. HP: 36/47 MP: 4/4
  2762 | D:3      | Found a shimmering altar of Xom.
  2912 | D:3      | Noticed an ogre
  2923 | D:3      | Killed an ogre
  2923 | D:3      | Reached skill level 5 in Fighting
  3067 | D:4      | Noticed a water moccasin
  3076 | D:4      | Killed a water moccasin
  3076 | D:4      | Reached XP level 6. HP: 46/56 MP: 5/5
  3462 | D:4      | Reached XP level 7. HP: 55/61 MP: 6/6
  4158 | D:5      | Entered Level 5 of the Dungeon
  4196 | D:5      | Reached skill level 5 in Slings
  4211 | D:5      | Reached *** piety under Trog
  4286 | D:5      | Found a snail-covered altar of Cheibriados.
  4365 | D:5      | Reached XP level 8. HP: 70/70 MP: 7/7
  4450 | D:5      | Found a staircase to the Ecumenical Temple.
  4632 | D:5      | Found Zocvefeg's Book Shoppe.
  4748 | D:6      | Received a gift from Trog
  4755 | D:6      | Reached skill level 6 in Fighting
  6001 | Temple   | Entered the Ecumenical Temple
  6156 | D:7      | Reached skill level 5 in Armour
  6503 | D:7      | Reached XP level 9. HP: 52/78 MP: 8/8
  6963 | D:7      | Reached **** piety under Trog
  7151 | D:7      | Reached skill level 7 in Fighting
  7151 | D:7      | Reached skill level 10 in Axes
  8443 | D:8      | Found a bloodstained altar of Trog.
  8553 | D:8      | Reached XP level 10. HP: 80/86 MP: 9/9
  8606 | D:8      | Got an ichor-stained whip
  8607 | D:8      | Identified the +4 whip of the Warrior {venom, Fragile +Inv +Fly rC+++} (You found it on level 8 of the Dungeon)
  8704 | D:9      | Noticed an ice dragon
  8706 | D:9      | Noticed a fire dragon
  8707 | D:9      | Noticed an ice dragon
  8708 | D:9      | Noticed a fire dragon
  8710 | D:9      | Found a runed door.
  8711 | D:9      | Found the +2 shield of Resistance {rF+ rC+ MR+}
  8711 | D:9      | Found a runed door.
  8829 | D:9      | Found a radiant altar of Vehumet.
  8918 | D:9      | Found a shadowy altar of Dithmenos.
  8919 | D:9      | Found an opulent altar of Gozag.
  9490 | D:10     | Entered Level 10 of the Dungeon
  9551 | D:10     | Reached skill level 8 in Fighting
  9862 | D:10     | Got a heavily runed iron ring
  9864 | D:10     | Identified the ring "Xetoofis" {Ice Dex+3} (You found it on level 10 of the Dungeon)
  9869 | D:10     | Noticed a two-headed ogre
  9875 | D:10     | Killed a two-headed ogre
 10084 | D:10     | Reached ***** piety under Trog
 10221 | D:10     | Received a gift from Trog
 10876 | D:11     | Reached skill level 9 in Fighting
 10876 | D:11     | Reached XP level 11. HP: 97/97 MP: 10/10
 10918 | D:11     | Noticed a brown ugly thing
 10946 | D:11     | Killed a brown ugly thing
 10946 | D:11     | Reached skill level 10 in Slings
 11169 | D:11     | Noticed a green ugly thing
 11193 | D:11     | Killed a green ugly thing
 11535 | D:11     | Noticed Josephine
 11555 | D:11     | Killed Josephine
 11567 | D:11     | Received a gift from Trog
 11908 | D:11     | Noticed Psyche
 11918 | D:11     | Killed Psyche
 11962 | D:11     | Noticed a brown ugly thing
 11962 | D:11     | Noticed a wizard
 11971 | D:11     | Cast into level 2 of the Abyss (a wizard)
 12025 | D:11     | Escaped the Abyss
 12036 | D:11     | Killed a brown ugly thing
 12046 | D:11     | Killed a wizard
 12161 | D:11     | Reached skill level 10 in Fighting
 12475 | D:11     | Found a staircase to the Lair.
 13011 | D:9      | Killed a fire dragon
 13028 | D:9      | Killed a fire dragon
 13028 | D:9      | Received a gift from Trog
 13029 | D:9      | Killed an ice dragon
 13055 | D:9      | HP: 5/101 [ice dragon (2)]
 13057 | D:9      | Killed an ice dragon
 13590 | Lair:1   | Entered Level 1 of the Lair of Beasts
 13609 | Lair:1   | Reached XP level 12. HP: 108/108 MP: 11/11
 13645 | Lair:1   | Reached skill level 1 in Shields
 14074 | Lair:1   | Reached skill level 5 in Dodging
 15063 | Lair:2   | Reached skill level 11 in Fighting
 15210 | Lair:2   | Got a faintly humming plate armour
 15555 | Lair:2   | Reached skill level 10 in Armour
 15766 | Lair:2   | Found a staircase to the Snake Pit.
 16147 | Lair:2   | Identified the cursed +0 plate armour "Elit" {+Blink MR+ Dex+4} (You found it on level 2 of the Lair of Beasts)
 16219 | Lair:3   | Found a labyrinth entrance.
 16241 | Lab      | Entered a labyrinth
 16694 | Lab      | Noticed a minotaur
 16702 | Lab      | Killed a minotaur
 16704 | Lab      | Got a smoking brass amulet
 16754 | Lab      | Found the +0 Maxwell's etheric cage {RegenMP+ *Contam rElec MP+4}
 16754 | Lab      | Got a fine ivory ring
 16756 | Lab      | Identified the amulet "Vidup" {Harm *Drain rC+} (You took it off a minotaur in a labyrinth)
 16758 | Lab      | Identified the ring "Gidog" {Wiz MR+} (You found it in a labyrinth)
 17032 | Lair:3   | Noticed Snorg
 17047 | Lair:3   | Killed Snorg
 17442 | Lair:3   | Reached skill level 5 in Shields
 18168 | Lair:4   | Received a gift from Trog
 18284 | Lair:4   | Reached XP level 13. HP: 105/117 MP: 12/12
 18642 | Lair:4   | Found a staircase to the Swamp.
 19176 | Lair:5   | Found a staircase to the Slime Pits.
 19247 | Lair:5   | Received a gift from Trog
 19247 | Lair:5   | Reached skill level 12 in Fighting
 19306 | Lair:5   | Reached skill level 15 in Axes
 20729 | Lair:6   | Entered Level 6 of the Lair of Beasts
 20737 | Lair:5   | Reached skill level 1 in Polearms
 20922 | Lair:5   | Received a gift from Trog
 21015 | Lair:6   | Reached skill level 1 in Evocations
 21943 | Lair:6   | Received a gift from Trog
 22761 | Lair:6   | Reached XP level 14. HP: 123/127 MP: 13/13
 22770 | Lair:6   | Received a gift from Trog
 22770 | Lair:6   | Reached skill level 13 in Fighting
 23321 | Lair:6   | Got an ancient turquoise ring
 23323 | Lair:6   | Identified the ring "Mihug" {+Fly rPois rN+ Str-5 Int+4} (You found it on level 6 of the Lair of Beasts)
 24092 | Lair:2   | Got a faintly glowing dagger
 24246 | D:12     | Identified a scroll of acquirement
 24498 | D:12     | Reached skill level 10 in Shields
 24676 | D:12     | Got an encrusted ring mail
 24852 | D:12     | Found a blossoming altar of Fedhas.
 24861 | D:12     | Found a staircase to the Orcish Mines.
 25485 | Orc:1    | Entered Level 1 of the Orcish Mines
 25513 | Orc:1    | You fall through a shaft!
 25513 | Orc:2    | Entered Level 2 of the Orcish Mines
 25513 | Orc:2    | Found Benaerch's Antique Armour Boutique.
 25513 | Orc:2    | Found Boninnir's Antique Weapon Boutique.
 25513 | Orc:2    | Noticed an orc warlord
 25517 | Orc:2    | Found Eseiss's General Store.
 25517 | Orc:2    | Found Syshruosegg's Jewellery Shop.
 25531 | Orc:2    | Received a gift from Trog
 25538 | Orc:2    | Noticed Saint Roka
 25579 | Orc:2    | Killed Saint Roka
 25807 | Orc:2    | Killed an orc warlord
 26921 | Orc:2    | Received a gift from Trog
 26921 | Orc:2    | Reached skill level 14 in Fighting
 27130 | Orc:2    | Found a staircase to the Elven Halls.
 27927 | Orc:2    | Bought 4 tomahawks of returning for 60 gold pieces
 28285 | Orc:2    | Identified the +1 ring mail "Izohopou" {MR+ Str+3 Int+4} (You found it on level 12 of the Dungeon)
 28552 | Orc:2    | Bought the +0 pair of fencer's gloves {+Riposte Dex+3} for 760 gold pieces
 28552 | Orc:2    | Found the +0 pair of fencer's gloves {+Riposte Dex+3}
 28552 | Orc:2    | Bought a shiny plate armour for 494 gold pieces
 28840 | Orc:2    | Bought a potion of resistance for 150 gold pieces
 28840 | Orc:2    | Bought 2 potions of resistance for 300 gold pieces
 29606 | D:13     | Found a blossoming altar of Fedhas.
 29946 | D:14     | Reached XP level 15. HP: 136/139 MP: 14/14
 29974 | D:14     | Found a gate to the Vaults.
 29981 | D:14     | Reached ****** piety under Trog
 29988 | D:14     | Received a gift from Trog
 30800 | D:14     | Found a portal to a secret trove of treasure.
 30948 | D:14     | Noticed Agrougrou's ghost (journeyman OpTm)
 30966 | D:14     | Killed Agrougrou's ghost
 30966 | D:14     | Reached skill level 15 in Fighting
 30969 | D:14     | Received a gift from Trog
 31198 | D:15     | Entered Level 15 of the Dungeon
 31353 | D:15     | Found a bloodstained altar of Trog.
 31431 | D:15     | Received a gift from Trog
 32553 | D:15     | Found a staircase to the Depths.
 33415 | Snake:1  | Entered Level 1 of the Snake Pit
 33425 | Snake:1  | Received a gift from Trog
 33436 | Snake:1  | Reached skill level 15 in Shields
 33739 | Snake:1  | Reached skill level 16 in Fighting
 34127 | D:5      | Bought a manual of Slings for 1656 gold pieces
 34957 | Snake:1  | Reached XP level 16. HP: 146/151 MP: 15/15
 36537 | Snake:2  | Received a gift from Trog
 37776 | Snake:3  | Reached skill level 17 in Fighting
 38362 | Snake:3  | Reached skill level 15 in Armour
 38365 | Snake:3  | Received a gift from Trog
 38912 | Snake:3  | Got an encrusted ring mail
 38923 | Snake:3  | Identified the cursed +0 ring mail of Focus {rN+} (You found it on level 3 of the Snake Pit)
 39416 | Snake:4  | Entered Level 4 of the Snake Pit
 39427 | Snake:4  | Noticed Aizul
 39437 | Snake:4  | Killed Aizul
 39662 | Snake:4  | Reached skill level 18 in Fighting
 40211 | Snake:4  | Reached XP level 17. HP: 117/165 MP: 17/17
 40492 | Snake:4  | Noticed Jorgrun
 40618 | Snake:4  | Killed Jorgrun
 40618 | Snake:4  | Received a gift from Trog
 40970 | Snake:4  | Reached skill level 19 in Fighting
 42125 | Snake:4  | Received a gift from Trog
 42561 | Snake:4  | Received a gift from Trog
 42608 | Snake:4  | Reached skill level 20 in Fighting
 43487 | Snake:4  | Received a gift from Trog
 44240 | Snake:4  | Got a serpentine rune of Zot
 44816 | Snake:2  | Got a heavily runed leather armour
 44829 | Snake:2  | Identified the +2 leather armour "Qeikem" {*Corrode rC+ Int+7} (You found it on level 2 of the Snake Pit)
 44968 | Swamp:1  | Entered Level 1 of the Swamp
 44968 | Swamp:1  | Noticed Roxanne
 44980 | Swamp:1  | Received a gift from Trog
 45132 | Swamp:1  | Killed Roxanne
 45132 | Swamp:1  | Reached XP level 18. HP: 160/180 MP: 18/18
 45317 | Swamp:1  | Received a gift from Trog
 45320 | Swamp:1  | Got a shimmering war axe {god gift}
 45321 | Swamp:1  | Identified the +5 war axe "Gaibech" {freeze, *Contam *Noise rElec SInv} (Trog gifted it to you on level 1 of the Swamp)
 45675 | Swamp:1  | Reached skill level 21 in Fighting
 46749 | Swamp:2  | Received a gift from Trog
 46946 | Swamp:2  | Noticed Frances
 46959 | Swamp:2  | Gained mutation: You are dopey. (Int -2) [a neqoxec]
 46963 | Swamp:2  | Gained mutation: Scrolls take you a little longer to read. [a neqoxec]
 46964 | Swamp:2  | Gained mutation: You expend magic power (3 MP) to strengthen your wands. [a neqoxec]
 46968 | Swamp:2  | Killed Frances
 48283 | Swamp:3  | Noticed garbagetei's ghost (adept GrEE)
 48309 | Swamp:3  | Killed garbagetei's ghost
 48309 | Swamp:3  | Reached skill level 1 in Throwing
 48744 | Swamp:4  | Entered Level 4 of the Swamp
 48819 | Swamp:4  | Received a gift from Trog
 48819 | Swamp:4  | Reached skill level 22 in Fighting
 49396 | Swamp:4  | Received a gift from Trog
 49435 | Swamp:4  | Received a gift from Trog
 49765 | Swamp:4  | Got a decaying rune of Zot
 51378 | Depths:1 | Entered Level 1 of the Depths
 51399 | Depths:1 | Reached XP level 19. HP: 190/193 MP: 19/19
 51624 | Depths:1 | Noticed a lich
 51647 | Depths:1 | Killed a lich
 51877 | Depths:1 | Found Fopempuq's Weapon Shop.
 51892 | Depths:1 | Bought the +4 hunting sling "Lupp" {venom, rElec rPois Dex+3 Stlth-} for 718 gold pieces
 52892 | Depths:1 | Found a gateway to a ziggurat.
 52907 | Depths:1 | Reached skill level 23 in Fighting
 53211 | Depths:1 | Received a gift from Trog
 53221 | Depths:1 | Found a one-way gate leading to the halls of Pandemonium.
 53523 | Depths:1 | Received a gift from Trog
 53721 | Depths:1 | Noticed Mara
 53731 | Depths:1 | Noticed JeronimusCornelisz's illusion
 53743 | Depths:1 | Killed Mara
 54007 | Depths:1 | Found a gateway to Hell.
 54689 | Depths:1 | Received a gift from Trog
 54987 | Depths:1 | Upgraded the game from 0.21.0-37-g46506fa to 0.21.1
 55028 | Depths:1 | Bought the +7 spear of the Whale {pierce, rElec rC+ SInv} for 1035 gold pieces
 55240 | Depths:2 | Found Bimaz's Book Boutique.
 57122 | Depths:3 | Received a gift from Trog
 57122 | Depths:3 | Reached skill level 24 in Fighting
 57203 | Depths:3 | Reached XP level 20. HP: 201/206 MP: 21/21
 59111 | Depths:4 | Received a gift from Trog
 59881 | Depths:4 | Reached skill level 25 in Fighting
 60662 | Depths:4 | Noticed the Enchantress
 60684 | Depths:4 | Killed the Enchantress
 61174 | Depths:4 | Identified the +7 faerie dragon scales {rC+ rCorr Str-2 Dex+4 SInv} (You took it off the Enchantress on level 4 of the Depths)
 61232 | Depths:4 | Received a gift from Trog
 61752 | Depths:4 | Found a one-way gate to the infinite horrors of the Abyss.
 61756 | Depths:4 | Found a bloodstained altar of Trog.
 61812 | Depths:4 | Got a distressingly furry ring mail
 61823 | Depths:4 | Identified the cursed +0 ring mail of the Burgomaster {rPois Dex-5 SInv} (You found it on level 4 of the Depths)
 62781 | Depths:5 | Entered Level 5 of the Depths
 62781 | Depths:5 | Noticed a golden dragon
 62784 | Depths:5 | Noticed a bone dragon
 62817 | Depths:4 | Killed a bone dragon
 62999 | Depths:4 | Killed a golden dragon
 63398 | Depths:5 | Reached XP level 21. HP: 209/218 MP: 22/22
 63451 | Depths:5 | Noticed a caustic shrike
 63452 | Depths:5 | Noticed a caustic shrike
 63460 | Depths:5 | Noticed a caustic shrike
 63463 | Depths:5 | Noticed a caustic shrike
 63469 | Depths:4 | Killed a caustic shrike
 63478 | Depths:4 | Killed a caustic shrike
 63833 | Depths:5 | Killed a caustic shrike
 63871 | Depths:5 | Noticed Frederick
 64218 | D:11     | Lost mutation: You are dopey. (Int -2) [potion of mutation]
 64218 | D:11     | Lost mutation: You expend magic power (3 MP) to strengthen your wands. [potion of mutation]
 64218 | D:11     | Lost mutation: Scrolls take you a little longer to read. [potion of mutation]
 64218 | D:11     | Gained mutation: You have large cloven feet. [potion of mutation]
 64218 | D:11     | Gained mutation: Your movements are slightly less encumbered by armour. (ER -2) [potion of mutation]
 64218 | D:11     | Gained mutation: Your mind is acute. (Int +2) [potion of mutation]
 64218 | D:11     | Gained mutation: You have a pair of large horns on your head. [potion of mutation]
 65091 | D:15     | Identified the +4 dagger "Uxexiucs" {drain, rPois rF+ Int+4 SInv} (You found it on level 2 of the Lair of Beasts)
 65339 | Depths:4 | Killed Frederick
 65733 | Depths:5 | Noticed a caustic shrike
 65751 | Depths:5 | Killed a caustic shrike
 65770 | Depths:5 | Reached skill level 26 in Fighting
 66285 | Depths:5 | Noticed Xtahua
 66287 | Depths:5 | Noticed Mennas
 66633 | Depths:5 | Received a gift from Trog
 66814 | Depths:5 | Reached skill level 5 in Polearms
 66893 | Depths:5 | Killed a caustic shrike
 67288 | Depths:5 | Noticed a caustic shrike
 67288 | Depths:5 | Noticed a caustic shrike
 67291 | Depths:5 | Noticed a caustic shrike
 67302 | Depths:5 | Killed a caustic shrike
 67302 | Depths:5 | Received a gift from Trog
 67306 | Depths:5 | Killed a caustic shrike
 67315 | Depths:5 | Killed a caustic shrike
 67760 | Depths:5 | HP: 3/222 [Mennas/eudemon blade of holy wrath (22)]
 67766 | Depths:5 | Mangled by Mennas

Skill      XL: |  1  2  3  4  5  6  7  8  9 10 11 12 13 14 15 16 17 18 19 20 21 |
---------------+----------------------------------------------------------------+-----
Fighting       | 4 5 6 7 9 10 11 12 14 16 18 20 22 24 25 26 | 26.5
Axes           | 4 5 6 7 9 10 12 14 15 | 15.9
Slings         | 1 2 3 4 5 6 8 9 10 12 14 | 14.0
Stealth        | 1 2 3 4 |  4.0
Armour         | 3 5 6 7 9 10 11 12 14 15 17 18 19 21 | 21.6
Dodging        | 3 4 5 6 8 9 |  9.2
Shields        | 6 9 12 15 | 15.0
Polearms       | 1 3 4 5 |  5.2
Evocations     | 1 2 |  2.7
Throwing       | 2 3 |  3.1

Action                   |  1- 3 |  4- 6 |  7- 9 | 10-12 | 13-15 | 16-18 | 19-21 || total
-------------------------+-------+-------+-------+-------+-------+-------+-------++-------
Melee: Hand axe          |    71 |    83 |   217 |   401 |       |       |       ||   772
       Headbutt          |    12 |    14 |    35 |   133 |   287 |   301 |   424 ||  1206
       War axe           |       |       |       |   182 |   825 |   978 |  1324 ||  3309
       Spear             |       |       |       |       |     5 |       |    18 ||    23
       Broad axe         |       |       |       |       |    99 |    43 |       ||   142
       Demon trident     |       |       |       |       |    27 |    10 |     8 ||    45
 Fire: Hunting sling     |    37 |    38 |   185 |   328 |   562 |    71 |   415 ||  1636
       Fustibalus        |       |       |       |       |    42 |   613 |    15 ||   670
Throw: Javelin           |       |       |       |     1 |     6 |       |       ||     7
       Tomahawk          |       |       |       |       |     3 |    18 |     4 ||    25
Invok: Berserk           |     1 |       |     3 |     2 |     2 |     3 |     5 ||    16
       Burn Spellbooks   |       |       |     1 |     1 |     3 |     3 |     2 ||    10
       Trog's Hand       |       |       |       |     2 |     1 |     1 |     1 ||     5
 Abil: Evoke Blink       |       |       |       |       |    13 |       |     1 ||    14
       Evoke Flight      |       |       |       |       |       |     1 |     3 ||     4
       Stop Flying       |       |       |       |       |       |     1 |     2 ||     3
Evoke: Wand              |       |       |       |       |     1 |     1 |     1 ||     3
  Use: Scroll            |       |       |    10 |    11 |    15 |     8 |    11 ||    55
       Potion            |       |       |       |     5 |     1 |     1 |     4 ||    11
 Stab: Sleeping          |     1 |       |       |       |       |       |       ||     1
       Distracted        |       |       |       |       |       |       |     1 ||     1
  Eat: Chunk             |     3 |     6 |    12 |    16 |    27 |    57 |    43 ||   164
       Ration            |       |       |     2 |     5 |     8 |     2 |     2 ||    19
Armor: Animal skin       |    21 |     1 |       |       |       |       |       ||    22
       Scale mail        |       |    27 |   110 |       |       |       |       ||   137
       Chain mail        |       |       |    12 |   272 |       |       |       ||   284
       Plate armour      |       |       |       |    16 |   368 |   338 |   236 ||   958
       Acid dragon scale |       |       |       |       |       |       |    66 ||    66
Dodge: Dodged            |    67 |    51 |   142 |   188 |   234 |   471 |   434 ||  1587
Block: Shield            |       |       |       |    80 |   614 |   820 |   659 ||  2173
       Reflection        |       |       |       |       |     2 |    64 |    27 ||    93
       Rpst.: War axe    |       |       |       |       |    22 |    70 |    84 ||   176
       Broad axe         |       |       |       |       |     1 |     4 |       ||     5
       Fustibalus        |       |       |       |       |       |     1 |       ||     1
       Demon trident     |       |       |       |       |       |     1 |     2 ||     3
       Hunting sling     |       |       |       |       |       |     1 |     1 ||     2
       Spear             |       |       |       |       |       |       |     1 ||     1
